 Dungeon Crawl Stone Soup version 0.17-a0-755-g4391640 (webtiles) character file.

3843 RobertPalmer the Martial Artist (level 9, 41/56 HPs)
             Began as a Demonspawn Chaos Knight on Apr 21, 2015.
             Quit the game on level 10 of the Dungeon on Apr 22, 2015.
             The game lasted 00:23:20 (12306 turns).

RobertPalmer the Martial Artist (DsCK)             Turns: 12306, Time: 00:23:20

Health: 41/56      AC: 10    Str: 12    XL:     9   Next: 98%
Magic:  18/18      EV: 11    Int: 13    God:    Xom [*.....]
Gold:   216        SH:  0    Dex: 15    Spells: 0 memorised, 8 levels left

rFire  . . .     SeeInvis .       - Unarmed
rCold  + . .     Clarity  +     a - +3 leather armour
rNeg   . . .     SustAb   .     (no shield)
rPois  +         Gourm    .     (no helmet)
rElec  .         Spirit   .     G - +2 cloak of Iqoaps {MP+9}
rCorr  .         Warding  .     (no gloves)
rMut   .         Stasis   .     (no boots)
MR     .....                    m - amulet of clarity {Clar, !d}
Stlth  +.........               (no ring)
                                r - ring of protection from cold {rC+, !d}

@: very slightly contaminated, invisible, not resistant to hostile enchantments,
very unstealthy
A: hooves 2, icy blue scales 1, demonic guardian 2, dopey 1, frail 1, poison
resistance, spit poison 1
a: Spit Poison, Renounce Religion


You were on level 10 of the Dungeon.
You worshipped Xom.
You were a special plaything of Xom.
You were not hungry.

You visited 1 branch of the dungeon, and saw 11 of its levels.

You collected 495 gold pieces.
You spent 279 gold pieces at shops.

Inventory:

Hand weapons
 b - a +0 blowgun
   (You took it off a kobold on level 5 of the Dungeon)
Missiles
 s - 37 poisoned needles
Armour
 a - a +3 leather armour (worn)
 A - a steam dragon hide {rSteam}
   (You found it on level 9 of the Dungeon)
 G - the +2 cloak of Iqoaps (worn) {MP+9}
   (You bought it in a shop on level 7 of the Dungeon)

   It affects your magic capacity (+9).
Jewellery
 g - a +2 ring of strength {unknown}
   (You found it on level 8 of the Dungeon)
 m - an amulet of clarity (around neck) {Clar, !d}
   (You found it on level 4 of the Dungeon)
 q - a +2 ring of dexterity {unknown}
   (You found it on level 8 of the Dungeon)
 r - a ring of protection from cold (left hand) {rC+, !d}
   (You found it on level 5 of the Dungeon)
Magical devices
 i - a wand of teleportation (3)
   (You found it on level 4 of the Dungeon)
 l - a wand of draining (0)
   (You found it on level 8 of the Dungeon)
Scrolls
 d - 10 scrolls of remove curse
 k - a scroll of recharging
 u - a scroll of magic mapping {!r}
 y - a scroll of identify (quivered)
Potions
 e - a potion of flight {unknown}
 f - a potion of heal wounds {unknown}
 j - a potion of resistance {unknown}
 n - a potion of cancellation {unknown}
 o - 2 potions of curing
 p - a potion of invisibility {unknown}
 v - a potion of ambrosia {unknown}
 z - a potion of magic {unknown}
 C - a potion of mutation {unknown}
Books
 D - a book of Debilitation
   (You found it on level 9 of the Dungeon)
 F - a book of Geomancy
   (You found it on level 7 of the Dungeon)
Comestibles
 c - 3 bread rations {@e1}
 h - 4 fruits
 t - 6 chunks of flesh {@w0}
 w - 9 royal jellies
 x - 4 meat rations {@e2}
 B - 7 beef jerkies


   Skills:
 - Level 3.0 Fighting
 - Level 1.7 Armour
 - Level 0.8 Dodging
 + Level 13.0 Unarmed Combat


You had 8 spell levels left.
You didn't know any spells.

Dungeon Overview and Level Annotations

Branches:
Dungeon (11/15)            Temple (0/1) D:5            Lair (0/8) D:9
    Orc: D:9-12

Altars:
Ashenzari
Dithmenos
Fedhas
Gozag
Makhleb
Okawaru
Zin

Shops:
D:4 (!*   D:7 [


Innate Abilities, Weirdness & Mutations

You are partially covered in icy blue scales (AC +1).
A demonic guardian rushes to your aid.
You have hoof-like feet.
You are dopey. (Int -2)
You are frail (-10% HP).
Your system is resistant to poisons.
You can spit weak poison.


Message History

An orc comes into view.
It is wielding a hand axe. "Where it stops, nobody knows!"
Your surroundings suddenly seem different.
Your surroundings suddenly seem different.
The orc warrior barely misses you. 3 orcs come into view.
Unknown command.
Unknown command.
Unknown command.
Unknown command.
Unknown command.
Unknown command.
You barely miss the orc warrior.
The orc shouts! x3
Your kick misses the orc warrior. The orc warrior completely misses you.
Unknown command.
You closely miss the orc warrior.
The orc shouts!
You closely miss the orc warrior. Your kick misses the orc warrior.
You punch the orc warrior, but do no damage.
The orc warrior barely misses you. The orc closely misses you.
You closely miss the orc warrior. You kick the orc warrior.
The orc shouts!
The orc warrior hits you with a trident.
You take 2 damage, and have 30/56 hp.
Your leather armour prevents you from hitting the orc warrior.
Your kick misses the orc warrior.
You catch the helpless orc warrior completely off-guard!
You punch the orc warrior! The orc hits you.
The orc warrior closely misses you. The orc hits you but does no damage.
The orc warrior throws a tomahawk of returning.
The tomahawk of returning barely misses the orc.
The weapon returns to the orc warrior!
The orc warrior throws a tomahawk of returning.
The tomahawk of returning hits the orc.
The weapon returns to the orc warrior!
The orc warrior throws a tomahawk of returning.
The tomahawk of returning misses the orc.
The weapon returns to the orc warrior!
The orc warrior throws a tomahawk of returning.
The tomahawk of returning barely misses the orc.
The weapon returns to the orc warrior!
The orc warrior throws a tomahawk of returning.
The tomahawk of returning misses the orc.
The weapon returns to the orc warrior!
Here: an orc, wielding a dagger and wearing a ring mail The floor.
Unknown command.
You hit the orc. You kick the orc, but do no damage.
The orc hits you but does no damage.
You punch the orc!
You kill the orc!
Things that are here:
a dagger; a ring mail; an orc corpse The orc warrior barely misses you.
You catch the helpless orc warrior completely off-guard!
You punch the orc warrior! Your kick misses the orc warrior.
You punch the orc warrior!
You kill the orc warrior!
Your Unarmed Combat skill increases to level 13!
Items here: ( ) [ † a trident; 5 tomahawks of returning; a chain mail; an orc corpse You butcher the orc corpse.
t - 6 chunks of flesh {@w0} (gained 4)
Things that are here:
a trident; 5 tomahawks of returning; a chain mail Eat which item? (? for menu, Esc to quit)
Okay, then.
Unknown command.
Unknown command.
Things that are here:
a dagger; a ring mail; an orc corpse The orc shouts!
The orc is too close now for your liking.
You regained 2 hp, and now have 41/56 hp.
An orc is nearby!
An orc is nearby!
An orc is nearby!
An orc is nearby!
The orc shouts!
The orc closely misses you.
You hit the orc.
You kill the orc!
No target in view!
No target in view!
No target in view!
Save game and exit? [Y]es or [N]o only, please.
Save game and exit?
Welcome back, RobertPalmer the Demonspawn Chaos Knight.
Xom titters.
Save game and exit?
Welcome back, RobertPalmer the Demonspawn Chaos Knight.
Xom titters.
Quiver which item? (- for none, * to show all) (? for menu, Esc to quit)
Quivering
y - a scroll of identify for throwing.
Eat which item? (? for menu, Esc to quit)
You can't eat that!
Unknown command.
Unknown command.

#.# #.####..#####.. #.#
##..........(... #.#
#....##..#####.. #.#
#......(.# #.# #....##(## #.#
##.#....#### #.# #.#....÷..#
#.# #[#...)...#
#)########@#.......#
#...[..............#####
##########..............
######.........#######.
#......................
#.####.####.########### #.#
#.####.######### #.#
#..............##
#######.####.####.####÷##..##


There were no monsters in sight!

Vanquished Creatures
  A troll (D:9)
  A wandering mushroom (D:9)
  A steam dragon (D:9)
  3 ice beasts
  A soldier ant (D:8)
  An orc warrior (D:10)
  A phantom (D:9)
  A wasp (D:8)
  A necrophage (D:9)
  An ogre (D:8)
  3 centaurs
  5 giant frogs
  2 scorpions
  A crimson imp (D:5)
  A jelly (D:5)
  2 centaur zombies
  2 goliath beetles (D:8)
  2 hounds
  6 orc wizards
  5 orc priests
  2 iguanas
  4 giant frog skeletons
  6 worker ants
  A killer bee zombie (D:6)
  A worker ant zombie (D:8)
  10 gnolls
  2 shadow imps
  8 adders
  An ooze (D:1)
  An adder skeleton (D:9)
  An adder zombie (D:9)
  3 worms
  5 giant geckos
  30 orcs
  17 bats
  A giant cockroach (D:10)
  13 hobgoblins
  14 jackals
  6 quokkas
  3 ball pythons
  3 giant gecko skeletons
  8 giant newts
  2 giant spores (D:6)
  10 goblins
  13 kobolds
  A quokka skeleton (D:6)
  10 rats
  3 ballistomycetes (D:6)
220 creatures vanquished.

Vanquished Creatures (collateral kills)
  A centaur skeleton (D:10)
  A steam dragon (D:7)
  An orc warrior (D:7)
  A necrophage (D:8)
  A gnoll sergeant (D:5)
  A centaur (D:7)
  A crocodile (D:8)
  A giant frog zombie (D:10)
  An orc priest (D:7)
  A giant frog skeleton (D:7)
  An iron imp (D:10)
  An adder (D:2)
  7 gnolls (D:5)
  A shadow imp (D:5)
  2 orcs
22 creatures vanquished.

Vanquished Creatures (others)
  An ice devil (D:7)
  A soul eater (D:7)
  2 sixfirhies
  2 quasits
  4 crimson imps
  2 iron imps (D:4)
  2 white imps (D:5)
  3 ufetubi (D:5)
  2 orcs (D:10)
19 creatures vanquished.

Grand Total: 261 creatures vanquished

Notes
Turn   | Place    | Note
--------------------------------------------------------------
     0 | D:1      | RobertPalmer, the Demonspawn Chaos Knight, began the quest for the Orb.
     0 | D:1      | Reached XP level 1. HP: 18/18 MP: 1/1
    40 | D:1      | Reached skill level 3 in Unarmed Combat
   429 | D:1      | XOM: colour smoke trail
   493 | D:1      | XOM: potion effect (berserk rage)
   504 | D:1      | Gained mutation: You are partially covered in icy blue scales (AC +1). [demonic ancestry]
   504 | D:1      | Reached XP level 2. HP: 24/24 MP: 2/2
   863 | D:1      | XOM: harmless Tloc miscast
   925 | D:1      | XOM: silly message
  1191 | D:1      | XOM: divination: detect creatures
  1282 | D:2      | XOM: divination: detect creatures
  1296 | D:2      | Reached XP level 3. HP: 27/29 MP: 3/3
  1380 | D:2      | Reached skill level 4 in Unarmed Combat
  1451 | D:2      | XOM: colour smoke trail
  1486 | D:2      | XOM: harmless Summ miscast
  1629 | D:2      | XOM is BORED!
  1629 | D:2      | XOM: medium Ice miscast
  1629 | D:2      | HP: 5/29 [the capriciousness of Xom (4)]
  1840 | D:1      | XOM: noise
  2282 | D:2      | Reached XP level 4. HP: 35/35 MP: 4/4
  2290 | D:2      | XOM: divination: detect items
  2322 | D:2      | Found a shadowy altar of Dithmenos.
  2422 | D:2      | XOM: summons friendly quasit
  2556 | D:2      | XOM: divination: detect creatures
  3012 | D:3      | XOM: harmless Air miscast
  3126 | D:3      | XOM: colour smoke trail
  3171 | D:3      | Reached skill level 5 in Unarmed Combat
  3324 | D:3      | XOM: confuse monster(s)
  3695 | D:3      | Gained mutation: A weak demonic guardian rushes to your aid. [demonic ancestry]
  3695 | D:3      | Reached XP level 5. HP: 29/41 MP: 5/5
  4129 | D:3      | XOM: scenery: 2 doors close
  4186 | D:3      | XOM: vitrification
  4463 | D:4      | Found Wuocent's General Store.
  4500 | D:4      | Reached skill level 6 in Unarmed Combat
  4536 | D:4      | Reached XP level 6. HP: 35/47 MP: 6/6
  4638 | D:4      | XOM: 1-stop teleportation journey
  4794 | D:4      | Found Fegaqupir's Distillery.
  4994 | D:4      | Found Vowiseo's Antique Weapon Emporium.
  5677 | D:5      | Entered Level 5 of the Dungeon
  5695 | D:5      | Reached skill level 7 in Unarmed Combat
  5840 | D:5      | XOM: butterfly on damage
  5843 | D:5      | XOM: fake destruction
  5848 | D:5      | XOM: summons friendly crimson imp
  6087 | D:4      | XOM: summons 3 hostile demons
  6088 | D:4      | Noticed a chaos spawn
  6202 | D:5      | XOM: mild Necr miscast
  6253 | D:5      | XOM: vitrification
  6259 | D:5      | Reached XP level 7. HP: 18/52 MP: 7/7
  6563 | D:5      | Found a staircase to the Ecumenical Temple.
  6651 | D:5      | XOM: give mutations
  6651 | D:5      | Gained mutation: Armour fits poorly on your strangely shaped body. [Xom's mischief]
  6651 | D:5      | Lost mutation: Armour fits poorly on your strangely shaped body. [Xom's mischief]
  6679 | D:5      | Reached skill level 8 in Unarmed Combat
  7171 | D:5      | XOM: medium Summ miscast
  7184 | D:5      | XOM: mild Erth miscast
  7220 | D:5      | XOM: confuse monster(s)
  7420 | D:5      | Found an opulent altar of Gozag.
  7542 | D:5      | XOM: noise
  7640 | D:5      | Reached skill level 9 in Unarmed Combat
  7640 | D:5      | Gained mutation: A demonic guardian rushes to your aid. [demonic ancestry]
  7640 | D:5      | Reached XP level 8. HP: 58/58 MP: 8/8
  8111 | D:6      | Found a blossoming altar of Fedhas.
  8116 | D:6      | XOM: medium Divn miscast
  8582 | D:6      | XOM: noise
  8817 | D:7      | Found an iron altar of Okawaru.
  8850 | D:7      | Found Gydiymal's Armour Shop.
  8866 | D:7      | Bought the +2 cloak of Iqoaps {MP+9} for 279 gold pieces
  8928 | D:7      | Reached skill level 10 in Unarmed Combat
  8950 | D:7      | XOM: vitrification
  8964 | D:7      | XOM: summons 8 friendly demons
  9093 | D:7      | Got a brightly glowing chain mail
  9179 | D:7      | XOM: give mutations
  9179 | D:7      | Gained mutation: You have large cloven feet. [Xom's grace]
  9179 | D:7      | Gained mutation: You can spit weak poison. [Xom's grace]
  9179 | D:7      | Gained mutation: Your system is resistant to poisons. [Xom's grace]
  9179 | D:7      | Gained mutation: You have hoof-like feet. [Xom's grace]
  9383 | D:7      | Found a glowing silver altar of Zin.
  9765 | D:7      | XOM: polymorph centaur -> steam dragon
  9790 | D:8      | XOM: chaos cloud
  9826 | D:8      | XOM: noise
  9827 | D:8      | XOM: chaos cloud
  9838 | D:8      | XOM: give mutations
  9838 | D:8      | Gained mutation: Armour fits poorly on your strangely shaped body. [Xom's mischief]
  9838 | D:8      | Gained mutation: You are dopey. (Int -2) [Xom's mischief]
  9838 | D:8      | Gained mutation: You are frail (-10% HP). [Xom's mischief]
  9838 | D:8      | Lost mutation: Armour fits poorly on your strangely shaped body. [Xom's mischief]
  9842 | D:8      | Reached skill level 11 in Unarmed Combat
  9842 | D:8      | Reached XP level 9. HP: 31/56 MP: 9/9
  9874 | D:8      | XOM: mild Pois miscast
  9881 | D:8      | XOM: mild Divn miscast
  9910 | D:7      | XOM: mild Necr miscast
 10004 | D:8      | XOM: mild Conj miscast
 10347 | D:8      | XOM: potion effect (curing)
 10480 | D:8      | Found a burning altar of Makhleb.
 10899 | D:8      | XOM: cast spell 'Ice Form'
 10960 | D:8      | XOM: divination: detect creatures
 11492 | D:9      | Found a staircase to the Lair.
 11509 | D:9      | Reached skill level 12 in Unarmed Combat
 11606 | D:9      | XOM: enchant monster (good)
 11800 | D:9      | XOM: divination: detect items
 11813 | D:9      | Found a shattered altar of Ashenzari.
 11943 | D:10     | Entered Level 10 of the Dungeon
 11943 | D:10     | Noticed a centaur skeleton
 11943 | D:10     | XOM: polymorph crimson imp -> iron imp
 11949 | D:10     | Killed a centaur skeleton
 11957 | D:10     | XOM: colour smoke trail
 11990 | D:10     | XOM: chaos cloud
 12216 | D:10     | XOM: potion effect (invisibility)
 12235 | D:10     | XOM: 2-stop teleportation journey
 12292 | D:10     | Reached skill level 13 in Unarmed Combat
 12306 | D:10     | Upgraded the game from 0.17-a0-744-gaa96792 to 0.17-a0-755-g4391640
 12306 | D:10     | Quit the game

Action                   |  1- 3 |  4- 6 |  7- 9 || total
-------------------------+-------+-------+-------++-------
Melee: Unarmed           |   170 |   291 |   450 ||   911
 Fire: Blowgun           |       |       |     7 ||     7
Throw: Javelin           |       |    39 |    23 ||    62
 Abil: Spit Poison       |       |       |     1 ||     1
Evoke: Wand              |       |       |     3 ||     3
  Use: Potion            |     1 |       |     4 ||     5
       Scroll            |       |     6 |    10 ||    16
 Stab: Confused          |       |       |     4 ||     4
       Distracted        |       |       |     1 ||     1
       Invisible         |       |       |     3 ||     3
  Eat: Chunk             |     5 |     7 |    17 ||    29
       Bread ration      |       |     1 |       ||     1
       Fruit             |       |     1 |       ||     1
       Pizza             |       |       |     2 ||     2

Vault maps used:
D:1:      dpeg_arrival_shelter, st_stairs_2, minmay_misc_feat_roman
D:2:      lemuel_doored_altar
D:3:      first_bread
D:4:      serial_shops, nicolae_shop_trees, shop_fountains, shop
D:5:      grunt_gozag_statues, minmay_temple_entry_hall, minmay_misc_feat_alley
D:6:      lemuel_crystal_altar
D:7:      lemuel_coloured_pillars_altar, okawaru_metal_pillars_1_2,
          serial_shops, shop
D:8:      nicolae_overflow_hidden_temple, hangedman_pestilent_swarm
D:9:      evilmike_ruin_ashenzari, dpeg_oklobed_lair
D:10:     statuecave_lemuel, orc_0_dummy

Table legend:
 A = Turns spent in this place as a percentage of turns spent in the entire game.
 B = Non-inter-level travel turns spent in this place as a percentage of non-inter-level travel turns spent in the entire game.
 C = Inter-level travel turns spent in this place as a percentage of turns spent in this place.
 D = Turns resting spent in this place as a percentage of non-inter-level travel turns spent in this place.
 E = Turns spent auto-exploring this place as a percentage of non-inter-level travel turns spent in this place.
 F = Non-inter-level travel turns spent in this place divided by the number of levels of this place that you've seen.
                   A       B       C       D       E      F
               +-------+-------+-------+-------+-------+----------------------
         Total | 100.0 | 100.0 |   0.6 |   3.0 |   7.2 | 346.8
       Dungeon | 100.0 | 100.0 |   0.6 |   3.0 |   7.2 | 346.8
               +-------+-------+-------+-------+-------+----------------------

Table legend:
 A = Kills in this place as a percentage of kills in entire the game.
 B = Kills by you in this place as a percentage of kills by you in the entire game.
 C = Kills by friends in this place as a percentage of kills by friends in the entire game.
 D = Other kills in this place as a percentage of other kills in the entire game.
 E = Experience gained in this place as a percentage of experience gained in the entire game.
 F = Experience gained in this place divided by the number of levels of this place that you have seen.
                   A       B       C       D       E      F
               +-------+-------+-------+-------+-------+----------------------
         Total | 100.0 | 100.0 | 100.0 |  -nan | 100.0 | 499.1
       Dungeon | 100.0 | 100.0 | 100.0 |  -nan | 100.0 | 499.1
               +-------+-------+-------+-------+-------+----------------------
